General information
- name: BNet
- type: Ladder 1vs1/FFA
- host: Battle.net
- saver: 7.14
map: TirisfalGlades
- players: 2
- length: 64:29
- speed: Fast
- version: 1.24 W3XP
- replay type: Public
» download(170 KB)
Players
team 1 (loser)
mr.experience (
teal | 46 APM | 2966 actions | 64:26)
2 Blademaster
1 Wind Walk
1 Critical Strike
1 Shadow Hunter
1 Healing Wave
1 Far Seer
1 Feral Spirit
» actions
| Basic commands | 91 | |
| Build / train | 94 | |
| Enter build submenu | 31 | |
| Enter hero's abilities submenu | 4 | |
| Give item / drop item | 7 | |
| Remove unit from queue | 5 | |
| Right click | 1693 | |
| Select / deselect | 900 | |
| Use ability | 140 | |
2966 total
» units
| Peon | 15 | |
| Grunt | 7 | |
| Troll Headhunter/Berserker | 9 | |
| Demolisher | 14 | |
| Troll Witch Doctor | 3 | |
| Shaman | 4 | |
| Tauren | 3 | |
55 total
» upgrades
| Armor | 1 | |
| Pillage | 1 | |
| Spiked Barricades | 1 | |
| Witch Doctor Training | 2 | |
| Burning Oil | 1 | |
| Reinforced Defenses | 1 | |
| Shaman Training | 2 | |
| Melee Weapons | 1 | |
| Pulverize | 1 | |
| Ranged Weapons | 1 | |
12 total
» buildings
| Altar of Storms | 1 | |
| Orc Burrow | 5 | |
| Barracks | 1 | |
| Voodoo Lounge | 1 | |
| Stronghold | 1 | |
| War Mill | 1 | |
| Watch Tower | 12 | |
| Spirit Lodge | 1 | |
| Fortress | 1 | |
| Tauren Totem | 1 | |
25 total
» build order
00:06 Altar of Storms
00:12 Orc Burrow
00:22 Barracks
01:38 Orc Burrow
04:26 Voodoo Lounge
05:31 Orc Burrow
05:46 Stronghold
05:54 War Mill
07:09 Watch Tower
07:56 Watch Tower
10:18 Orc Burrow
14:27 Spirit Lodge
14:41 Watch Tower
16:07 Watch Tower
18:12 Watch Tower
18:39 Watch Tower
19:26 Fortress
20:04 Watch Tower
24:21 Orc Burrow
34:18 Watch Tower
34:27 Watch Tower
34:31 Watch Tower
35:48 Watch Tower
35:58 Watch Tower
55:07 Tauren Totem
» items
| Healing Salve | 4 | |
| Lesser Clarity Potion | 6 | |
| Orb of Lightning | 3 | |
13 total
team 2 (winner)
7.14 (
purple | 42 APM | 2734 actions | 64:29)
7 Blademaster
3 Wind Walk
3 Critical Strike
1 Bladestorm
6 Shadow Hunter
2 Hex
3 Healing Wave
1 Big Bad Voodoo
2 Goblin Tinker
1 Pocket Factory
1 Engineering Upgrade
» actions
| Assign group hotkey | 36 | |
| Basic commands | 235 | |
| Build / train | 106 | |
| ESC pressed | 3 | |
| Enter build submenu | 64 | |
| Enter hero's abilities submenu | 15 | |
| Give item / drop item | 11 | |
| Remove unit from queue | 3 | |
| Right click | 964 | |
| Select / deselect | 701 | |
| Select group hotkey | 274 | |
| Use ability | 322 | |
2734 total
» units
| Peon | 21 | |
| Grunt | 4 | |
| Troll Witch Doctor | 2 | |
| Spirit Walker | 1 | |
| Kodo Beast | 1 | |
| Demolisher | 2 | |
31 total
» upgrades
| Pillage | 2 | |
| Berserker Strength | 1 | |
| Spirit Walker Training | 2 | |
| Witch Doctor Training | 2 | |
| Armor | 3 | |
| Reinforced Defenses | 1 | |
| Shaman Training | 1 | |
| Envenomed Spears | 1 | |
| Liquid Fire | 0 | |
| War Drums Damage Increase | 1 | |
| Ensnare | 1 | |
| Spiked Barricades | 1 | |
16 total
» buildings
| Altar of Storms | 2 | |
| Orc Burrow | 8 | |
| Voodoo Lounge | 3 | |
| Barracks | 1 | |
| Stronghold | 1 | |
| War Mill | 1 | |
| Great Hall | 2 | |
| Watch Tower | 52 | |
| Spirit Lodge | 1 | |
| Beastiary | 3 | |
| Fortress | 1 | |
75 total
» build order
00:05 Altar of Storms
00:07 Altar of Storms
00:19 Orc Burrow
00:41 Voodoo Lounge
01:24 Barracks
01:40 Orc Burrow
04:37 Stronghold
05:17 War Mill
05:31 Orc Burrow
06:39 Great Hall
06:46 Orc Burrow
07:46 Watch Tower
07:47 Watch Tower
07:47 Watch Tower
07:48 Watch Tower
08:07 Watch Tower
08:07 Watch Tower
08:26 Spirit Lodge
08:30 Watch Tower
08:31 Watch Tower
08:55 Watch Tower
08:56 Watch Tower
11:01 Voodoo Lounge
11:31 Beastiary
11:35 Watch Tower
11:36 Watch Tower
12:17 Watch Tower
12:48 Watch Tower
12:49 Watch Tower
12:55 Watch Tower
14:12 Watch Tower
16:02 Fortress
18:48 Orc Burrow
18:53 Orc Burrow
20:29 Orc Burrow
24:52 Watch Tower
24:53 Watch Tower
24:54 Watch Tower
25:45 Watch Tower
25:46 Watch Tower
25:47 Watch Tower
26:03 Great Hall
26:13 Voodoo Lounge
26:22 Watch Tower
27:08 Orc Burrow
38:44 Beastiary
38:47 Beastiary
38:53 Watch Tower
38:56 Watch Tower
38:58 Watch Tower
38:59 Watch Tower
39:00 Watch Tower
39:00 Watch Tower
39:02 Watch Tower
39:03 Watch Tower
39:24 Watch Tower
39:25 Watch Tower
39:34 Watch Tower
39:35 Watch Tower
39:36 Watch Tower
39:36 Watch Tower
39:52 Watch Tower
39:53 Watch Tower
39:54 Watch Tower
39:55 Watch Tower
39:56 Watch Tower
39:57 Watch Tower
40:36 Watch Tower
40:37 Watch Tower
40:42 Watch Tower
40:43 Watch Tower
40:43 Watch Tower
40:44 Watch Tower
41:41 Watch Tower
41:43 Watch Tower
» items
| Healing Salve | 5 | |
| Lesser Clarity Potion | 8 | |
| Boots of Speed | 2 | |
| Staff of Teleportation | 2 | |
| Dust of Appearance | 3 | |
| Scroll of Speed | 5 | |
| Periapt of Vitality | 2 | |
| Potion of Lesser Invulnerability | 1 | |
| Scroll of Healing | 1 | |
| Orb of Lightning | 2 | |
| Potion of Healing | 1 | |
| Potion of Mana | 1 | |
| Tiny Great Hall | 2 | |
| Potion of Invisibility | 1 | |
36 total
Chat log
(10:14 / All) 7.14: thanks?
(11:12 / All) 7.14: whats the demolishers for?
(13:49 / All) 7.14: gg?
(14:18 / All) 7.14: you got 1 tower
(14:20 / All) 7.14: good job
(16:24 / All) 7.14: you still worried about the towers?
(16:25 / All) 7.14: lol
(16:56 / All) 7.14: i have 3 gold mines, 0 upkeep, and you worry about sieging towers...
(18:20 / All) 7.14: make more towers
(18:21 / All) 7.14: thatll help
(20:50 / All) 7.14: too late.
(21:03 / All) 7.14: aww those poor pigs
(21:20 / All) 7.14: 4 hit hero kill
(21:23 / All) 7.14: man i love a bm
(21:54 / All) 7.14: gg
(22:00 / All) 7.14: lol
(22:06 / All) 7.14: not leaving?
(22:15 / All) 7.14: good
(23:11 / All) 7.14: not even gonna bother killing your hero
(23:13 / All) 7.14: too easy
(23:45 / All) 7.14: normally this is the point where you'd complain about bm being inbalanced...but you freaking have one
(23:46 / All) 7.14: lol
(25:30 / All) 7.14: dude
(25:31 / All) 7.14: leave
(25:32 / All) 7.14: lol
(25:42 / All) mr.experience: you first
(25:47 / All) 7.14: LOL
(25:57 / All) 7.14: well at least i know you speak english, you just sit silently in your shame
(26:09 / All) 7.14: i figured anyone this bad HAD to be a brazilian
(27:25 / All) 7.14: wow
(27:28 / All) 7.14: just wow
(27:44 / All) 7.14: are you playing with your nose on the keyboard?
(29:44 / All) 7.14: run
(30:17 / All) 7.14: how the hell are you 4-4
(30:23 / All) 7.14: other people cant be this bad
(30:48 / All) 7.14: jesus...
(31:37 / All) 7.14: you know youre just gonna ragequit when your gold runs out
(32:56 / All) 7.14: yawn
(33:38 / All) 7.14: you know you only have one peon on gold
(33:39 / All) 7.14: right?
(33:45 / All) 7.14: oops make that 0
(35:34 / All) 7.14: you have a spirit lodge
(35:41 / All) 7.14: why havent you made anything with it
(36:11 / All) 7.14: if the answer is "because im a moron" then stay quiet
(36:32 / All) 7.14: you want a gold mine that bad?
(36:40 / All) 7.14: here ya go
(36:55 / All) 7.14: free tiny great hall
(37:00 / All) 7.14: ill vacate the middle gold mine
(37:32 / All) 7.14: top middle mine is a freebie
(37:49 / All) 7.14: Just dont cross into my yard
(37:55 / All) mr.experience: rofl
(38:02 / All) 7.14: call it a pity gif
(38:03 / All) 7.14: gift
(39:17 / All) 7.14: now get to work
(39:29 / All) 7.14: use those freaking demolishers
(39:31 / All) 7.14: put em to use
(40:59 / All) 7.14: hey i said get to work
(41:02 / All) 7.14: youre kinda slacking
(41:22 / All) 7.14: and if you look bad, it makes me look bad to MY boss on the quarterly statement
(41:57 / All) 7.14: ok now get up to 100% productivity
(42:11 / All) 7.14: i dont want to hafta have another meeting about this first thing monday morning
(42:55 / All) 7.14: hey
(42:56 / All) 7.14: hey
(42:59 / All) 7.14: more peons
(43:04 / All) 7.14: i wanna see 5 of em
(43:07 / All) 7.14: this aint no union shop
(43:49 / All) 7.14: WHAT DID I SAY ABOUT GETTING IN MY YARD
(44:05 / All) mr.experience: how can your towers see me...
(44:06 / All) 7.14: ok...you're gonna have to come in this weekend
(44:15 / All) 7.14: dont worry about the towers
(44:22 / All) 7.14: worry about that gold mine being drained
(44:37 / All) 7.14: i got a quota to make
(45:32 / All) 7.14: kill off those demolishers, i want you under 50 food at all tim)es
(45:39 / All) 7.14: and you better be choppin wood
(45:56 / All) mr.experience: oh lord
(46:02 / All) 7.14: well...i did say to stay in your area
(46:07 / All) 7.14: you leave your cubicle, that's gonna happen
(46:41 / All) 7.14: now stop fartin around and get to work
(46:47 / All) 7.14: i only see four peons on your middle gold mine
(47:13 / All) 7.14: jenkins brought in donuts, but you dont get any until you hit the productivity mark
(48:00 / All) 7.14: if i dont see some more peons
(48:08 / All) 7.14: youre gonna be working every weekend til next quarter
(49:05 / All) 7.14: hey
(49:06 / All) 7.14: hey
(49:07 / All) 7.14: bob
(49:11 / All) 7.14: i said get to 5 peons
(49:35 / All) 7.14: no more slacking off til you meet your production goal
(49:36 / All) 7.14: mmkay?
(50:04 / All) 7.14: click on that little great hall in the middle of the map
(50:11 / All) 7.14: and click on the picture of the deformed green kid
(50:19 / All) 7.14: did you not read the memo?
(51:27 / All) 7.14: now I'm gonna take a lunch break, and when i get back i wanna see a status report on my desk
(51:36 / All) 7.14: not a half assed demolisher push
(52:26 / All) 7.14: and dont go ragequitting on me, or no severance package for you
(53:07 / All) 7.14: bob
(53:13 / All) 7.14: you still have only four peons on gold
(53:17 / All) 7.14: i said five
(53:26 / All) 7.14: this won't look good in your employee evaluation
(57:14 / All) 7.14: bob
(57:19 / All) 7.14: we might need to relocate you
(57:44 / All) 7.14: we have a nice spot picked out in our new annex
(57:51 / All) 7.14: you might have to share with some of the chemical storage but its a good spot
(57:59 / All) 7.14: unfortunately we need your main base for the new perching project
(58:36 / All) 7.14: so if you could go ahead and relocate all of your units to the designated office in the middle of the map
(58:38 / All) 7.14: that would be great
(58:39 / All) 7.14: thanks
(59:57 / All) 7.14: ok bob were just gonna go ahead and relocate you
(62:56 / All) 7.14: we appreciate your patience during this relocation process
(63:00 / All) 7.14: you are a valued member of our team
(63:14 / All) 7.14: please do not hesitate to contact your division supervisor if there are any questions
(63:30 / All) 7.14: have a nice day.